BR
QUINCY DOUGHBOYS @ HARTFORD DARTH WHALERS
09/24/2026
 
TOP OF THE 1ST
Quincy Doughboys batting - Pitching for Hartford Darth Whalers : LHP Ignacio Méndez
Pitching: LHP Ignacio Méndez
Batting: RHB Marlon Hernández 0-0: Fly out, F3 (Popup, 3SF)
Batting: RHB Javier Martínez 0-0: Foul Ball, location: 2F
0-1: Foul Ball, location: 2F
0-2: Foul Ball, location: 2F
0-2: Ball
1-2: Ball
2-2: Ball
3-2: Ground out 6-3 (Groundball, 6M)
Batting: RHB Clifton Sturt 0-0: Called Strike
0-1: SINGLE (Groundball, 56D)
Batting: RHB Ken Sánchez 0-0: Foul Ball, location: 2F
0-1: Ball
1-1: Ball
2-1: Called Strike
2-2: Ball
3-2: Foul Ball, location: 2F
3-2: Reached on error, E1 (Groundball, 13S)
Clifton Sturt to third
Batting: RHB Jorge Chávez 0-0: Called Strike
0-1: Reached on error, E4 (Groundball, 4M)
Clifton Sturt scores
Ken Sánchez scores
Batting: RHB George Clarke 0-0: Fly out, F8 (Flyball, 8RM)
Top of the 1st over - 2 run(s), 1 hit(s), 2 error(s), 1 left on base; Quincy 2 - Hartford 0
BOTTOM OF THE 1ST
Hartford Darth Whalers batting - Pitching for Quincy Doughboys : RHP Fernando Fuentes
Pitching: RHP Fernando Fuentes
Batting: RHB Christian Moss 0-0: Swinging Strike
0-1: Ball
1-1: Ball
2-1: Foul Ball, location: 2F
2-2: Ball
3-2: Strikes out swinging
Batting: SHB Manuel Jiménez 0-0: Ball
1-0: Ball
2-0: Ball
3-0: Base on Balls
Batting: LHB Júlio Córdova 0-0: Called Strike
0-1: Ball
1-1: Ball
2-1: Ball
3-1: Grounds into double play, 4-6-3 (Groundball, 4)
Bottom of the 1st over - 0 run(s), 0 hit(s), 0 error(s), 0 left on base; Quincy 2 - Hartford 0
TOP OF THE 2ND
Quincy Doughboys batting - Pitching for Hartford Darth Whalers : LHP Ignacio Méndez
Batting: LHB Marv Gardner 0-0: Ball
1-0: Foul Ball, location: 2F
1-1: Foul Ball, location: 2F
1-2: Strikes out swinging
Batting: RHB Joel García 0-0: Ball
1-0: Ball
2-0: DOUBLE (Popup, 3D)
Batting: RHB Pedro Sandoval 0-0: DOUBLE (Line Drive, 8LM)
Joel García scores
Batting: RHB Marlon Hernández 0-0: Called Strike
0-1: Swinging Strike
0-2: Ball
1-2: Ball
2-2: Ball
3-2: Strikes out looking
Batting: RHB Javier Martínez 0-0: Ground out 3-1 (Groundball, 3)
Top of the 2nd over - 1 run(s), 2 hit(s), 0 error(s), 1 left on base; Quincy 3 - Hartford 0
BOTTOM OF THE 2ND
Hartford Darth Whalers batting - Pitching for Quincy Doughboys : RHP Fernando Fuentes
Batting: RHB Sergio Calderón 0-0: Ball
1-0: Ball
2-0: Fly out, F8 (Flyball, 89M)
Batting: RHB José Chávez 0-0: Called Strike
0-1: Swinging Strike
0-2: Foul Ball, location: 2F
0-2: Strikes out looking
Batting: RHB Vaughan Tillman 0-0: SINGLE (Groundball, 6MD)
Batting: LHB Carlos Estrada 0-0: Ball
1-0: Fielders Choice at 2nd, U6 (Groundball, 6M)
Bottom of the 2nd over - 0 run(s), 1 hit(s), 0 error(s), 1 left on base; Quincy 3 - Hartford 0
TOP OF THE 3RD
Quincy Doughboys batting - Pitching for Hartford Darth Whalers : LHP Ignacio Méndez
Batting: RHB Clifton Sturt 0-0: Ball
1-0: Ball
2-0: Ball
3-0: Base on Balls
Batting: RHB Ken Sánchez 0-0: Foul Ball, location: 2F
0-1: Ball
1-1: Ball
2-1: Fly out, F6 (Popup, 5)
Batting: RHB Jorge Chávez 0-0: Fly out, F8 (Flyball, 8LM)
Batting: RHB George Clarke 0-0: Called Strike
0-1: Ball
1-1: Swinging Strike
1-2: Ball
2-2: DOUBLE (Groundball, 5L)
Clifton Sturt to third
Runner from 3rd tries for Home, throw and OUT!
Top of the 3rd over - 0 run(s), 1 hit(s), 0 error(s), 1 left on base; Quincy 3 - Hartford 0
BOTTOM OF THE 3RD
Hartford Darth Whalers batting - Pitching for Quincy Doughboys : RHP Fernando Fuentes
Batting: RHB José Rosales 0-0: Called Strike
0-1: Bunted foul
0-2: Foul Ball, location: 2F
0-2: Ball
1-2: Ball
2-2: Strikes out swinging
Batting: LHB Ignacio Méndez 0-0: Ball
1-0: Called Strike
1-1: Ball
2-1: Foul Ball, location: 2F
2-2: Foul Ball, location: 2F
2-2: Strikes out swinging
Batting: RHB Christian Moss 0-0: Foul Ball, location: 2F
0-1: Fly out, F8 (Flyball, 89M)
Bottom of the 3rd over - 0 run(s), 0 hit(s), 0 error(s), 0 left on base; Quincy 3 - Hartford 0
TOP OF THE 4TH
Quincy Doughboys batting - Pitching for Hartford Darth Whalers : LHP Ignacio Méndez
Batting: LHB Marv Gardner 0-0: Foul Ball, location: 2F
0-1: Ball
1-1: DOUBLE (Line Drive, 9LM)
Batting: RHB Joel García 0-0: Called Strike
0-1: Swinging Strike
0-2: Foul Ball, location: 2F
0-2: Ball
1-2: Ball
2-2: Foul Ball, location: 2F
2-2: Foul Ball, location: 2F
2-2: Ball
3-2: Base on Balls
Batting: RHB Pedro Sandoval 0-0: Foul Ball, location: 2F
0-1: Foul Ball, location: 2F
0-2: Foul Ball, location: 2F
0-2: DOUBLE (Line Drive, 7LS)
Marv Gardner scores
Joel García to third
Batting: RHB Marlon Hernández 0-0: Foul Ball, location: 2F
0-1: Ball
1-1: Foul Ball, location: 2F
1-2: Strikes out swinging
Pitching: RHP Dani Quintela
Batting: RHB Javier Martínez 0-0: Ball
1-0: Foul Ball, location: 2F
1-1: SINGLE (Groundball, 5S)
Joel García scores
Pedro Sandoval to third
Runner from 3rd tries for Home, SAFE, throw made home
Javier Martínez to second
Batting: RHB Clifton Sturt 0-0: Called Strike
0-1: Ball
1-1: Fly out, F8 (Popup, 4MD)
Batting: RHB Ken Sánchez 0-0: Swinging Strike
0-1: Ball
1-1: Fly out, F7 (Flyball, 78S)
Top of the 4th over - 3 run(s), 3 hit(s), 0 error(s), 1 left on base; Quincy 6 - Hartford 0
BOTTOM OF THE 4TH
Hartford Darth Whalers batting - Pitching for Quincy Doughboys : RHP Fernando Fuentes
Batting: SHB Manuel Jiménez 0-0: Bunt for hit - play at first, batter OUT! 1-3
Batting: LHB Júlio Córdova 0-0: Foul Ball, location: 2F
0-1: Ball
1-1: Ball
2-1: Swinging Strike
2-2: Foul Ball, location: 2F
2-2: Ball
3-2: Ground out 4-3 (Groundball, 4)
Batting: RHB Sergio Calderón 0-0: Fly out, F7 (Popup, 78S)
Bottom of the 4th over - 0 run(s), 0 hit(s), 0 error(s), 0 left on base; Quincy 6 - Hartford 0
TOP OF THE 5TH
Quincy Doughboys batting - Pitching for Hartford Darth Whalers : RHP Dani Quintela
Batting: RHB Jorge Chávez 0-0: Ball
1-0: Swinging Strike
1-1: Ball
2-1: Foul Ball, location: 2F
2-2: Ball
3-2: Base on Balls
Batting: RHB George Clarke 0-0: Fly out, F8 (Flyball, 8RM)
Batting: LHB Marv Gardner 0-0: Called Strike
0-1: Foul Ball, location: 2F
0-2: Foul Ball, location: 2F
0-2: Strikes out swinging
Batting: RHB Joel García 0-0: Called Strike
0-1: Ball
1-1: Ball
2-1: Ball
3-1: Base on Balls
Jorge Chávez to second
Batting: RHB Pedro Sandoval 0-0: Fly out, F2 (Popup, 2LF)
Top of the 5th over - 0 run(s), 0 hit(s), 0 error(s), 2 left on base; Quincy 6 - Hartford 0
BOTTOM OF THE 5TH
Hartford Darth Whalers batting - Pitching for Quincy Doughboys : RHP Fernando Fuentes
Batting: RHB José Chávez 0-0: Ball
1-0: Ball
2-0: Ground out U3 (Groundball, 3S)
Batting: RHB Vaughan Tillman 0-0: Ball
1-0: Called Strike
1-1: Called Strike
1-2: Ball
2-2: Ball
3-2: Foul Ball, location: 2F
3-2: Base on Balls
Batting: LHB Carlos Estrada 0-0: Ball
1-0: Fielders Choice at 2nd, 4-6 (Groundball, 4)
Batting: RHB José Rosales 0-0: Ball
1-0: Ball
Carlos Estrada steals 2nd base
2-0: Called Strike
2-1: Swinging Strike
2-2: Ball
3-2: Strikes out swinging
Bottom of the 5th over - 0 run(s), 0 hit(s), 0 error(s), 1 left on base; Quincy 6 - Hartford 0
TOP OF THE 6TH
Quincy Doughboys batting - Pitching for Hartford Darth Whalers : RHP Dani Quintela
Batting: RHB Marlon Hernández 0-0: Called Strike
0-1: Foul Ball, location: 2F
0-2: Foul Ball, location: 2F
0-2: Foul Ball, location: 2F
0-2: Ball
1-2: Ball
2-2: SINGLE (Groundball, 56)
Batting: RHB Javier Martínez 0-0: Foul Ball, location: 2F
0-1: SINGLE (Flyball, 8LS)
Marlon Hernández to second
Batting: RHB Clifton Sturt 0-0: Called Strike
0-1: Ball
1-1: Called Strike
1-2: Ball
2-2: Foul Ball, location: 2F
2-2: SINGLE (Line Drive, 89M)
Marlon Hernández to third
Javier Martínez to second
Runner from 3rd tries for Home, SAFE, throw made home
Batting: RHB Ken Sánchez 0-0: Foul Ball, location: 2F
0-1: Foul Ball, location: 2F
0-2: Ball
1-2: Foul Ball, location: 2F
1-2: Grounds into double play, 6-4-3 (Groundball, 6)
Javier Martínez to third
Batting: RHB Jorge Chávez 0-0: Called Strike
0-1: Ball
1-1: Ball
2-1: Ground out 6-3 (Groundball, 6)
Top of the 6th over - 1 run(s), 3 hit(s), 0 error(s), 1 left on base; Quincy 7 - Hartford 0
BOTTOM OF THE 6TH
Hartford Darth Whalers batting - Pitching for Quincy Doughboys : RHP Fernando Fuentes
Batting: LHB Ignacio Méndez 0-0: Foul Ball, location: 2F
0-1: Foul Ball, location: 2F
0-2: Ball
1-2: Ball
2-2: Ball
3-2: Foul Ball, location: 2F
3-2: Fly out, F7 (Flyball, 7LM)
Batting: RHB Christian Moss 0-0: Called Strike
0-1: Ball
1-1: Swinging Strike
1-2: Strikes out swinging
Batting: SHB Manuel Jiménez 0-0: Called Strike
0-1: SINGLE (Groundball, 34S) (infield hit)
Batting: LHB Júlio Córdova 0-0: Ball
Wild Pitch!
Manuel Jiménez to second
1-0: Swinging Strike
1-1: Ball
2-1: Foul Ball, location: 2F
2-2: SINGLE (Flyball, 9LS)
Manuel Jiménez to third
Runner from 3rd tries for Home, SAFE, no throw or cutoff
Pitching: LHP Bobby MacGruder
Batting: RHB Sergio Calderón 0-0: Ball
1-0: Ball
2-0: SINGLE (Groundball, 6MD)
Júlio Córdova to second
Runner from 2nd tries for 3rd, SAFE, throw made to third
Sergio Calderón to second
Batting: RHB José Chávez 0-0: Foul Ball, location: 2F
0-1: Swinging Strike
0-2: SINGLE (Groundball, 6MD)
Júlio Córdova scores
Sergio Calderón to third
Runner from 3rd tries for Home, SAFE, no throw or cutoff
Batting: RHB Vaughan Tillman 0-0: SINGLE (Flyball, 9LS)
José Chávez to second
Runner from 2nd tries for 3rd, SAFE, throw made to third
Batting: LHB Carlos Estrada 0-0: Hit by Pitch
Vaughan Tillman to second
Batting: RHB José Rosales 0-0: Foul Ball, location: 2F
0-1: Ground out 4-3 (Groundball, 4)
Bottom of the 6th over - 3 run(s), 5 hit(s), 0 error(s), 3 left on base; Quincy 7 - Hartford 3
TOP OF THE 7TH
Quincy Doughboys batting - Pitching for Hartford Darth Whalers : RHP Dani Quintela
Batting: RHB George Clarke 0-0: Ball
1-0: Ball
2-0: Called Strike
2-1: Ball
3-1: Foul Ball, location: 2F
3-2: Strikes out looking
Batting: LHB Marv Gardner 0-0: Swinging Strike
0-1: Fly out, F8 (Flyball, 8LM)
Pitching: RHP Arthur Melton
Batting: RHB Joel García 0-0: Ball
1-0: Ball
2-0: Foul Ball, location: 2F
2-1: Ball
3-1: Ground out 5-3 (Groundball, 5S)
Top of the 7th over - 0 run(s), 0 hit(s), 0 error(s), 0 left on base; Quincy 7 - Hartford 3
BOTTOM OF THE 7TH
Hartford Darth Whalers batting - Pitching for Quincy Doughboys : LHP Bobby MacGruder
Batting: LHB Ignacio Méndez 0-0: Foul Ball, location: 2F
0-1: Ball
1-1: Swinging Strike
1-2: Foul Ball, location: 2F
1-2: Hit by Pitch
Batting: RHB Christian Moss 0-0: Ball
1-0: Ball
2-0: Swinging Strike
2-1: Ball
3-1: Foul Ball, location: 2F
3-2: Strikes out swinging
Batting: SHB Manuel Jiménez 0-0: Ball
1-0: Ball
2-0: Grounds into double play, 6-4-3 (Groundball, 6)
Bottom of the 7th over - 0 run(s), 0 hit(s), 0 error(s), 0 left on base; Quincy 7 - Hartford 3
TOP OF THE 8TH
Quincy Doughboys batting - Pitching for Hartford Darth Whalers : RHP Arthur Melton
Batting: RHB Pedro Sandoval 0-0: Ball
1-0: Ball
2-0: Ball
3-0: Called Strike
3-1: Foul Ball, location: 2F
3-2: SINGLE (Groundball, 6MD)
Batting: RHB Marlon Hernández 0-0: Called Strike
0-1: Swinging Strike
0-2: Ball
1-2: Ball
2-2: Ground out 5-3 (Groundball, 5S)
Pedro Sandoval to second
Batting: RHB Javier Martínez 0-0: Intentional Walk
Batting: RHB Clifton Sturt 0-0: Ball
1-0: Foul Ball, location: 2F
1-1: Called Strike
1-2: Foul Ball, location: 2F
1-2: Strikes out looking
Batting: RHB Ken Sánchez 0-0: Ball
1-0: Called Strike
1-1: Foul Ball, location: 2F
1-2: Ball
2-2: Ball
3-2: Foul Ball, location: 2F
3-2: Base on Balls
Pedro Sandoval to third
Javier Martínez to second
Batting: RHB Jorge Chávez 0-0: Called Strike
0-1: Swinging Strike
0-2: Ball
1-2: Foul Ball, location: 2F
1-2: Ball
2-2: Foul Ball, location: 2F
2-2: Foul Ball, location: 2F
2-2: Strikes out swinging
Top of the 8th over - 0 run(s), 1 hit(s), 0 error(s), 3 left on base; Quincy 7 - Hartford 3
BOTTOM OF THE 8TH
Hartford Darth Whalers batting - Pitching for Quincy Doughboys : LHP Bobby MacGruder
Batting: LHB Júlio Córdova 0-0: Swinging Strike
0-1: Reached on error, E5 (Groundball, 5S)
Batting: RHB Sergio Calderón 0-0: Called Strike
0-1: Ball
1-1: Ball
2-1: Ball
3-1: Foul Ball, location: 2F
3-2: Base on Balls
Júlio Córdova to second
Pitching: LHP Kees Asmus
Batting: RHB José Chávez 0-0: Ball
1-0: SINGLE (Line Drive, 6MD)
Júlio Córdova to third
Sergio Calderón to second
Runner from 3rd tries for Home, SAFE, throw made at trailing runner, SAFE at third!
Pitching: RHP Miguel Chávez
Batting: RHB Vaughan Tillman 0-0: Ball
1-0: Called Strike
1-1: Ball
2-1: Foul Ball, location: 2F
2-2: Foul Ball, location: 2F
2-2: Ball
Wild Pitch!
Sergio Calderón scores
José Chávez to second
3-2: Foul Ball, location: 2F
3-2: Strikes out swinging
Batting: LHB Carlos Estrada 0-0: Ball
1-0: Ball
2-0: Ball
3-0: Called Strike
3-1: Base on Balls
Batting: RHB José Rosales 0-0: Swinging Strike
0-1: Called Strike
0-2: Foul Ball, location: 2F
0-2: Ball
1-2: Strikes out looking
Batting: LHB Ignacio Méndez 0-0: Ball
1-0: Ball
2-0: Called Strike
2-1: Foul Ball, location: 2F
2-2: Strikes out looking
Bottom of the 8th over - 2 run(s), 1 hit(s), 1 error(s), 2 left on base; Quincy 7 - Hartford 5
TOP OF THE 9TH
Quincy Doughboys batting - Pitching for Hartford Darth Whalers : RHP Arthur Melton
Batting: RHB George Clarke 0-0: Ball
1-0: Called Strike
1-1: Ball
2-1: SINGLE (Groundball, 3S)
Pitching: RHP Esteban Muńóz
Batting: LHB Marv Gardner 0-0: Called Strike
0-1: Fly out, F8 (Flyball, 8RD)
Runner from 1st tags up, SAFE at 2nd
Batting: RHB Joel García 0-0: Ball
George Clarke steals 3rd base
1-0: Swinging Strike
1-1: Swinging Strike
1-2: Strikes out swinging
Batting: RHB Pedro Sandoval 0-0: Ball
1-0: Ball
2-0: Ground out 4-3 (Groundball, 4M)
Top of the 9th over - 0 run(s), 1 hit(s), 0 error(s), 1 left on base; Quincy 7 - Hartford 5
BOTTOM OF THE 9TH
Hartford Darth Whalers batting - Pitching for Quincy Doughboys : RHP Miguel Chávez
Pitching: RHP Neal Foster
Now at C: Wilson Ortíz
Now at 3B: Júlio Contreras
Batting: RHB Christian Moss 0-0: Ball
1-0: Called Strike
1-1: Foul Ball, location: 2F
1-2: Strikes out swinging
Batting: SHB Manuel Jiménez 0-0: Ball
1-0: Called Strike
1-1: Ball
2-1: Ball
3-1: Swinging Strike
3-2: Foul Ball, location: 2F
3-2: Strikes out looking
Batting: LHB Júlio Córdova 0-0: Ball
1-0: Ball
2-0: Called Strike
2-1: Called Strike
2-2: Ball
3-2: Base on Balls
Batting: RHB Sergio Calderón 0-0: Ball
1-0: Ball
2-0: Called Strike
2-1: DOUBLE (Groundball, 5L)
Júlio Córdova to third
Batting: RHB José Chávez 0-0: Called Strike
0-1: Swinging Strike
0-2: Ball
1-2: Strikes out swinging
Bottom of the 9th over - 0 run(s), 1 hit(s), 0 error(s), 2 left on base; Quincy 7 - Hartford 5
Monday, December 5th, 2016 - OOTP Baseball 17.12 Build 75